Map: Efflorescence LE

Players

LocK - Winner!

  • Race: Terran Terran
  • League: Diamond
  • Spawn Location: 9:00

Corsair - Winner!

  • Race: Terran Terran
  • Spawn Location: 6:00

Massa

  • Race: Terran Terran
  • League: Platinum
  • Spawn Location: 12:00

qqq

  • Race: Zerg Zerg
  • League: Platinum
  • Spawn Location: 3:00

VOD

Have the link to the VOD?

Description

Time

  • Played on: Sept. 5, 2020, 3:37 p.m.
  • Length: 15:30
Show
View Real Time Build Order
Export as new Build Order

LocK Terran - Winner!

Build Orders:  

Get SALT Encoding   

  12  0:00  SCV  
  13  0:12  SCV  
  14  0:21  Supply Depot  
  14  0:25  SCV  
  15  0:43  SCV  
  15  0:45  Barracks  
  16  0:55  SCV  
  17  0:57  Refinery  
  17  1:07  SCV  
  18  1:19  SCV  
  19  1:32  Marine  
  20  1:39  Orbital Command  
  20  1:45  Supply Depot  
  20  1:54  Command Center  
  20  1:55  Marine  
  21  2:14  SCV  
  22  2:19  Factory, Marine  
  23  2:45  SCV  
  24  3:00  SCV  
  24  3:03  Refinery, Factory Tech Lab  
  24  3:05  Starport  
  25  3:07  Marine  
  25  3:12  Orbital Command  
  26  3:14  SCV  
  26  3:19  Supply Depot  
  27  3:31  SCV  
  28  3:39  Engineering Bay  
  28  3:43  SCV  
  28  3:46  Supply Depot  
  28  3:47  Starport Reactor, Siege Tank  
  32  3:51  SCV  
  32  3:55  SCV  
  34  4:03  SCV  
  34  4:07  SCV  
  36  4:13  Sensor Tower  
  36  4:15  SCV  
  37  4:19  SCV  
  37  4:20  Factory  
  38  4:27  SCV  
  39  4:44  Marine  
  37  4:48  Siege Tank  
  36  4:53  SCV  
  37  5:00  Orbital Command  
  37  5:10  Factory Reactor  
  37  5:11  Viking  
  38  5:34  Siege Tank  
  41  5:37  Orbital Command  
  41  5:39  Supply Depot  
  41  5:57  Hellion x2  
  41  5:58  Infernal Pre-Igniter  
  45  6:06  SCV x2  
  47  6:18  SCV x2  
  49  6:27  Missile Turret  
  49  6:28  Viking, Missile Turret  
  49  6:29  Siege Tank  
  49  6:30  Hellion x2  
  58  6:40  Supply Depot x2  
  58  6:42  Supply Depot  
  58  6:58  Hellion x2  
  62  7:01  Siege Tank  
  65  7:17  Viking x2  
  69  7:23  SCV  
  69  7:24  SCV  
  69  7:26  Refinery x2  
  71  7:30  Command Center  
  71  7:35  SCV  
  71  7:36  SCV  
  73  8:09  Hellion x2  
  77  8:16  Supply Depot  
  77  8:17  Supply Depot  
  77  8:18  Supply Depot  
  77  8:21  Factory  
  77  8:22  Factory  
  77  8:26  SCV  
  78  8:33  Armory  
  78  8:35  Armory  
  78  8:38  SCV x2, Siege Tank  
  83  8:50  SCV  
  84  9:24  Terran Vehicle Weapons Level 1  
  84  9:25  Terran Vehicle And Ship Armor Level 1  
  84  9:28  Factory Tech Lab x2  
  84  9:43  Command Center  
  84  9:49  Viking  
  84  9:50  Viking  
  84  9:52  Siege Tank x2  
  94  9:53  Siege Tank  
  94  9:54  Hellion x2  
  101  10:23  Factory  
  99  10:56  Hellion x3  
  99  10:57  Hellion x2  
  99  10:58  Viking x2  
  95  11:40  Siege Tank x3  
  95  11:41  Hellion x2, Viking  
  95  11:42  Viking  
  110  12:11  Planetary Fortress  
  110  12:13  SCV x2  
  112  12:17  Orbital Command  
  112  12:25  SCV x2  
  114  12:31  Supply Depot  
  114  12:32  Supply Depot  
  114  12:33  Supply Depot  
  114  12:35  Missile Turret, Supply Depot  
  114  12:37  SCV x2  
  114  12:43  Viking x2  
  118  12:44  Siege Tank x3  
  118  12:45  Hellion x2  
  118  12:49  Factory Tech Lab, SCV  
  118  12:50  Terran Vehicle Weapons Level 2  
  118  12:51  Terran Vehicle And Ship Armor Level 2  
  132  12:53  SCV  
  132  12:55  Missile Turret  
  133  13:02  SCV  
  133  13:05  SCV  
  125  13:14  SCV  
  125  13:16  Missile Turret  
  125  13:17  SCV  
  123  13:29  Thor, Viking x2  
  123  13:31  Hellion x2, Siege Tank x2  
  123  13:32  Hellion  
  145  13:35  Missile Turret  
  145  13:50  Hellion x6  
  137  14:05  Siege Tank x3  
  137  14:07  Hellion x2  
  150  14:28  Viking x2  
  154  14:34  Starport  
  154  14:35  Supply Depot x2  
  154  14:37  Supply Depot  
  154  14:41  Supply Depot  
  154  14:44  Refinery, Siege Tank  
  154  14:45  Refinery, Hellion x3  
  163  14:57  Hellion x2  
  167  15:15  Starport Reactor  
Show
View Real Time Build Order
Export as new Build Order

Corsair Terran - Winner!

Build Orders: 2 Factory, Mech 

Get SALT Encoding   

  12  0:01  SCV  
  13  0:13  SCV  
  14  0:22  Supply Depot  
  14  0:29  SCV  
  14  0:33  Refinery  
  15  0:43  SCV  
  15  0:48  Barracks  
  16  0:55  SCV  
  17  1:08  SCV  
  18  1:20  SCV  
  19  1:32  SCV  
  20  1:41  Refinery  
  20  1:42  Marine  
  21  1:47  Orbital Command  
  21  1:55  Factory  
  21  2:02  Marine  
  21  2:06  Supply Depot  
  22  2:18  SCV  
  23  2:30  Command Center  
  23  2:35  Reaper  
  24  2:43  Factory Tech Lab  
  24  2:48  SCV, Factory  
  25  3:00  SCV  
  26  3:05  Supply Depot  
  26  3:09  Cyclone  
  29  3:13  SCV  
  30  3:25  SCV  
  30  3:26  Mag-Field Accelerator  
  31  3:36  Factory Tech Lab  
  31  3:37  SCV  
  31  3:49  SCV  
  31  3:50  Orbital Command  
  32  3:55  Engineering Bay  
  32  4:01  SCV  
  33  4:03  Siege Tank  
  33  4:09  Hellion  
  38  4:13  SCV  
  39  4:18  SCV  
  39  4:22  Refinery  
  39  4:23  Refinery  
  40  4:25  SCV, Missile Turret  
  40  4:29  Missile Turret  
  41  4:41  Hellion  
  41  4:42  Hellion  
  38  5:06  Siege Tank x2  
  43  5:10  Infernal Pre-Igniter  
  43  5:27  SCV x2  
  45  5:35  Supply Depot  
  45  5:36  Supply Depot  
  45  5:39  SCV x2  
  45  5:40  Starport  
  47  5:47  Missile Turret  
  47  5:48  Missile Turret  
  47  5:51  SCV x2  
  47  5:52  Cyclone  
  47  5:57  Cyclone  
  55  6:03  SCV x2  
  57  6:15  SCV x2  
  57  6:18  Armory, Factory  
  59  6:20  Starport Reactor, Supply Depot  
  59  6:23  Supply Depot  
  59  6:32  SCV x2  
  61  6:36  Siege Tank  
  61  6:37  Hellion  
  66  6:44  SCV  
  67  6:59  Liberator  
  67  7:00  Liberator  
  73  7:04  Hellion  
  75  7:22  Barracks, Terran Vehicle Weapons Level 1  
  75  7:25  Hellion  
  75  7:29  Armory  
  77  7:30  Supply Depot  
  77  7:33  Supply Depot  
  77  7:37  Siege Tank  
  80  8:21  Factory Reactor  
  80  8:24  Siege Tank x2  
  67  9:30  Hellion x2  
  71  9:31  Thor  
  71  9:32  Siege Tank  
  71  9:36  Hellion  
  80  9:42  Liberator x2  
  86  9:49  Factory  
  86  10:04  Command Center  
  86  10:13  Command Center  
  86  10:18  Terran Vehicle Weapons Level 2  
  86  10:19  Terran Vehicle And Ship Armor Level 1  
  86  10:23  Siege Tank x2  
  92  10:28  SCV  
  92  10:29  SCV  
  92  10:31  Factory  
  92  10:33  Factory  
  94  10:53  SCV x2  
  84  11:05  SCV x2  
  80  11:17  SCV x2  
  82  11:29  SCV x2  
  84  11:43  Liberator x2  
  90  12:19  Siege Tank x2  
  90  12:20  Factory Tech Lab  
  90  12:21  Hellion x2  
  100  12:25  Factory Tech Lab x2, Liberator  
  100  12:26  SCV, Liberator  
  104  12:31  Orbital Command  
  104  12:38  SCV  
  104  12:42  Hellion x2  
  109  12:50  SCV, Thor  
  109  12:51  Thor  
  116  13:02  SCV  
  116  13:05  Thor  
  123  13:16  Orbital Command  
  123  13:21  SCV  
  124  13:46  SCV, Hellion  
  124  13:47  Fusion Core  
  124  13:49  SCV, Hellion  
  124  13:50  Refinery  
  124  13:52  SCV, Hellion, Thor  
  124  13:53  Refinery  
  124  13:54  Supply Depot x2  
  127  13:56  Supply Depot  
  127  13:58  SCV  
  127  14:01  SCV  
  129  14:04  SCV  
  130  14:10  SCV  
  130  14:13  SCV  
  130  14:16  SCV  
  130  14:23  SCV  
  131  14:25  SCV  
  131  14:28  SCV  
  133  14:35  SCV  
  133  14:37  SCV  
  133  14:38  SCV  
  136  14:39  Liberator x2  
  136  14:40  SCV  
  136  14:41  Thor  
  149  14:47  Refinery x2, SCV  
  149  14:49  SCV  
  149  14:50  SCV  
  140  14:53  SCV  
  140  14:59  SCV  
  142  15:01  SCV  
  142  15:02  SCV  
  142  15:05  SCV  
  139  15:11  SCV  
  139  15:13  SCV  
  139  15:14  SCV  
  139  15:17  SCV  
Show
View Real Time Build Order
Export as new Build Order

Massa Terran 

Build Orders:  

Get SALT Encoding   

  12  0:00  SCV  
  13  0:12  SCV  
  14  0:21  Supply Depot  
  14  0:24  SCV  
  15  0:31  Refinery  
  15  0:43  SCV  
  15  0:47  Barracks  
  16  0:55  SCV  
  17  1:02  Refinery  
  17  1:19  SCV  
  18  1:31  SCV  
  18  1:43  Reaper, SCV  
  20  1:49  Barracks  
  20  1:54  Factory  
  20  2:01  SCV  
  21  2:17  Barracks  
  21  2:26  Supply Depot  
  21  2:29  Marine  
  22  2:36  Marine  
  23  2:47  SCV, Marine  
  23  2:49  Hellion  
  27  3:03  Supply Depot  
  27  3:10  Orbital Command  
  27  3:13  Marine  
  27  3:16  Marine  
  29  3:21  Marine  
  30  3:30  Marine  
  30  3:34  Marine  
  31  3:39  Marine  
  33  3:48  Marine  
  34  4:03  Factory Tech Lab  
  34  4:08  Marine x3  
  37  4:15  Command Center  
  37  4:26  Marine  
  29  4:49  Marine x3  
  32  5:07  Marine x3  
  29  5:12  Siege Tank  
  31  5:24  Marine  
  31  5:25  Marine x2  
  33  5:30  Orbital Command  
  33  5:32  SCV  
  34  5:42  Marine x2  
  34  5:43  Marine  
  34  5:44  SCV, Siege Tank  
  41  5:56  SCV  
  42  6:08  SCV  
  43  6:17  Siege Tank  
  43  6:18  SCV, Command Center  
  47  6:21  SCV  
  48  6:26  Starport  
  48  6:30  SCV  
  49  6:33  SCV  
  50  6:42  SCV  
  50  6:45  SCV, Marine  
  50  6:46  Marine  
  54  7:01  Marine  
  54  7:08  Supply Depot  
  54  7:10  Supply Depot  
  54  7:11  Supply Depot  
  54  7:13  Supply Depot  
  54  7:18  Starport Tech Lab  
  54  7:25  Marine  
  54  7:29  Marine x2  
  54  7:30  SCV x2  
  54  7:35  Supply Depot  
  58  7:37  Supply Depot  
  58  7:41  Orbital Command  
  58  7:42  SCV, Marine  
  60  7:44  SCV  
  60  7:46  Refinery  
  60  7:47  Marine x2, Liberator  
  66  7:54  SCV  
  66  7:56  SCV  
  68  8:05  Marine  
  56  8:06  SCV  
  56  8:08  Orbital Command, SCV  
  58  8:18  SCV  
  59  8:21  SCV  
  60  8:30  SCV, Viking  
  60  8:32  Starport  
  60  8:33  SCV  
  64  8:35  Starport  
  64  8:42  SCV  
  64  8:43  Engineering Bay  
  64  8:44  Engineering Bay  
  64  8:46  Armory  
  64  8:48  Armory  
  65  9:00  Viking  
  65  9:09  SCV x3  
  68  9:20  Missile Turret  
  68  9:21  SCV x3  
  71  9:29  Missile Turret  
  71  9:31  Refinery  
  71  9:33  SCV  
  71  9:35  Terran Infantry Armor Level 1, Terran Infantry Weapons Level 1  
  72  9:39  Missile Turret  
  72  9:48  Barracks Tech Lab  
  72  9:59  Barracks Reactor, Missile Turret  
  72  10:10  Barracks Reactor  
  72  10:11  Supply Depot  
  72  10:20  Missile Turret, Stimpack  
  72  10:31  Command Center  
  72  10:33  Supply Depot  
  74  10:35  Widow Mine  
  74  10:36  Command Center  
  74  10:39  Viking x3  
  74  10:42  Command Center  
  82  10:57  Widow Mine  
  82  11:09  Viking x2  
  81  11:14  Viking  
  85  11:18  Widow Mine  
  77  11:39  Viking x2  
  81  11:40  Marauder  
  81  11:41  Marine x4  
  81  11:44  Viking  
  86  11:58  Marine  
  86  11:59  Marine x3, Combat Shield  
  86  12:01  Marine  
  83  12:09  Viking  
  83  12:12  Viking  
  83  12:14  Viking  
  89  12:16  Marine  
  89  12:17  SCV x3, Marine x3  
  89  12:19  Marine  
  89  12:20  Orbital Command  
  89  12:22  Orbital Command  
  97  12:29  SCV x3  
  100  12:34  Marine  
  100  12:35  Marine x3  
  100  12:37  Marine  
  104  12:41  SCV x3  
  104  12:44  Viking x3  
  110  12:53  SCV x3  
  110  12:54  Marine  
  112  13:05  SCV x3  
  100  13:18  Concussive Shells  
  100  13:19  Marauder, Marine x3  
  91  13:20  Marine  
  91  13:24  Siege Tank  
  93  13:32  Viking  
  95  13:38  Barracks x2  
  95  13:39  Barracks x3  
  95  13:40  Barracks  
  95  13:41  Barracks, Marauder  
  90  14:01  Marine x4  
  90  14:02  Marauder  
  72  14:19  SCV x5, Marine x4  
  72  14:23  Marauder  
  78  14:31  SCV x4  
  79  14:35  Orbital Command  
  79  14:37  Marine x4  
  86  14:39  Barracks  
  86  14:40  Barracks  
  86  14:42  Barracks x2  
  86  14:43  SCV x4  
  86  14:44  Barracks  
  86  14:45  Marauder  
  77  14:54  Marine  
  77  14:55  SCV x4, Marine x3  
  86  15:06  Marauder  
  79  15:07  SCV x4  
  73  15:25  Barracks x2  
  73  15:27  Barracks x2  
  73  15:28  Barracks  
Show
View Real Time Build Order
Export as new Build Order

qqq Zerg 

Build Orders: Hatch First, Lurkers 

Get SALT Encoding   

  12  0:01  Drone  
  13  0:08  Drone  
  14  0:36  Hatchery  
  14  0:39  Drone  
  14  0:55  Spawning Pool  
  13  1:05  Overlord  
  13  1:09  Drone  
  14  1:19  Extractor  
  14  1:20  Drone  
  14  1:32  Drone x2  
  16  1:50  Queen  
  16  1:53  Drone x2  
  20  2:14  Drone x3  
  20  2:15  Queen  
  24  2:18  Drone  
  25  2:25  Overlord  
  25  2:29  Zergling x2  
  26  2:33  Zergling x2  
  27  2:39  Metabolic Boost  
  27  2:50  Zergling x2  
  27  2:51  Zergling x2  
  29  2:53  Overlord  
  29  2:57  Overlord  
  29  3:11  Zergling x2, Overlord  
  29  3:12  Zergling x2  
  31  3:13  Zergling x2  
  31  3:16  Zergling x2  
  31  3:19  Zergling x2  
  34  3:25  Zergling x2  
  36  3:34  Zergling x2  
  36  3:35  Zergling x4  
  36  3:40  Zergling x2  
  39  3:52  Zergling x6  
  39  3:53  Zergling x6  
  45  4:06  Zergling x4  
  45  4:07  Zergling x2  
  48  4:10  Zergling x2  
  49  4:20  Drone x2, Roach Warren  
  49  4:21  Zergling x2  
  37  4:51  Zergling x2  
  37  4:52  Zergling x10  
  37  4:53  Zergling x8  
  39  5:03  Zergling x2  
  38  5:12  Lair  
  38  5:15  Zergling x8  
  41  5:36  Roach  
  41  5:39  Drone  
  44  5:43  Roach  
  44  5:48  Hatchery  
  45  6:00  Roach x3  
  51  6:05  Overlord  
  51  6:07  Drone  
  52  6:20  Overlord x2  
  52  6:24  Drone x2  
  54  6:29  Drone x2  
  55  6:42  Roach x3  
  55  6:46  Overlord  
  61  6:51  Overlord  
  61  6:54  Drone  
  62  6:57  Drone  
  62  6:58  Drone  
  64  7:10  Glial Reconstitution  
  64  7:12  Zergling x2, Roach x2  
  64  7:14  Drone  
  70  7:22  Overseer  
  70  7:24  Pneumatized Carapace  
  70  7:25  Drone x3  
  73  7:35  Roach  
  73  7:36  Roach x2  
  79  7:37  Zergling x2  
  79  7:39  Drone  
  79  7:41  Drone  
  79  7:42  Drone  
  82  8:09  Drone x8, Hydralisk Den  
  82  8:10  Extractor  
  87  8:18  Drone  
  88  8:24  Extractor  
  88  8:25  Extractor  
  86  8:27  Queen  
  86  8:33  Drone  
  89  8:34  Overlord  
  89  8:36  Overlord  
  89  8:39  Hatchery  
  88  8:44  Drone  
  88  8:47  Overlord x3  
  88  8:48  Hatchery  
  88  8:54  Spore Crawler  
  82  9:01  Hydralisk  
  82  9:02  Hydralisk  
  86  9:03  Hydralisk  
  63  9:29  Zergling x2  
  63  9:30  Zergling x6  
  68  9:31  Zergling x10  
  68  9:32  Zergling x10  
  77  9:47  Roach x4  
  77  9:48  Roach x2  
  77  9:52  Ravager x3  
  92  9:54  Zergling x2  
  92  9:55  Zergling x10  
  92  9:59  Spine Crawler  
  97  10:04  Spine Crawler, Hydralisk  
  97  10:06  Drone x4  
  102  10:23  Spine Crawler  
  102  10:27  Drone x3, Spine Crawler  
  102  10:28  Drone x4  
  99  10:42  Roach x3  
  102  10:44  Roach x2  
  64  11:03  Hydralisk x4, Roach x2  
  72  11:05  Zergling x6  
  79  11:12  Overseer  
  79  11:13  Lurker Den  
  76  11:19  Zergling x2  
  76  11:20  Zergling x10  
  76  11:21  Zergling x2  
  61  11:53  Drone  
  61  11:54  Drone x5, Spine Crawler, Spore Crawler  
  58  11:55  Zergling x4  
  58  11:56  Zergling x2  
  58  11:57  Roach x3  
  59  12:11  Overlord  
  59  12:19  Hydralisk x3  
  59  12:20  Zergling x4  
  59  12:21  Zergling x4  
  59  12:37  Hydralisk  
  59  12:40  Hydralisk  
  59  12:41  Hydralisk x3  
  69  12:46  Lurker  
  52  13:20  Hydralisk x3  
  55  13:36  Lurker x3  
  55  13:37  Hydralisk  
  55  13:38  Hydralisk x2  
  64  13:45  Hatchery, Roach x2  
  64  13:47  Hatchery  
  66  13:58  Spire  
  53  14:51  Zergling x12  
  53  14:52  Zergling x8  
  55  14:53  Zergling x12  
  55  14:58  Zergling x2  
  55  14:59  Zergling x6  
Tags
 
Add a new tag
Caveats
  • Supply blocks, unpowered buildings, or Contaminate may cause inaccurate times.
  • Supply counts are checked every 10 seconds.